 Dungeon Crawl Stone Soup version 0.30-a0-272-gf98c3da03f (webtiles) character file.

Game seed: 10473403763183579847

7083 Belterius the Fighter (level 10, -6/93 HPs)
             Began as a Minotaur Berserker on Oct 15, 2022.
             Was a High Priest of Trog.
             Engulfed by a steam dragon's steam (8 damage)
             ... on level 9 of the Dungeon.
             The game lasted 00:16:55 (8903 turns).

Belterius the Fighter (Minotaur Berserker)          Turns: 8903, Time: 00:16:55

Health: -6/93      AC: 13    Str: 27    XL:     10   Next: 84%
Magic:  9/9        EV: 28    Int:  4    God:    Trog [*****.]
Gold:   562        SH:  0    Dex:  9    Spells: 9/9 levels left

rFire   . . .      SeeInvis +    f - +1 executioner's axe (vorpal)
rCold   . . .      Faith    .    (shield currently unavailable)
rNeg    . . .      Spirit   .    I - +3 ring mail
rPois   .          Reflect  .    (helmet restricted)
rElec   .          Harm     .    r - +0 cloak
rCorr   .          Rampage  .    x - +1 pair of gloves
Will    .....                    u - +2 pair of boots
Stlth   ..........               s - amulet of the acrobat
HPRegen 0.35/turn                D - ring of see invisible
MPRegen 0.11/turn                (no ring)

@: corroded, acrobatic
A: horns 2, retaliatory headbutt
a: Renounce Religion, Berserk, Trog's Hand, Brothers in Arms


You were on level 9 of the Dungeon.
You worshipped Trog.
Trog was extremely pleased with you.
You visited 1 branch of the dungeon, and saw 9 of its levels.
You also visited: Sewer.

You collected 562 gold pieces.

Inventory:

Hand Weapons
 f - a +1 vorpal executioner's axe (weapon)
 l - a +1 trident of protection
 M - a +0 hand axe of venom
Missiles
 o - 3 throwing nets (quivered)
Armour
 a - a +1 buckler
 r - a +0 cloak (worn)
 u - a +2 pair of boots (worn)
 x - a +1 pair of gloves (worn)
 I - a +3 ring mail (worn)
Jewellery
 p - a ring of poison resistance
 s - an amulet of the acrobat (around neck)
 D - a ring of see invisible (left hand)
 E - an amulet of reflection
Wands
 y - a wand of flame (29)
 G - a wand of charming (6)
Scrolls
 c - a scroll of vulnerability
 e - a scroll of torment {unknown}
 h - 2 scrolls of magic mapping
 j - a scroll of fear
 k - 3 scrolls of teleportation
 n - 4 scrolls of enchant armour
 w - 6 scrolls of immolation
 B - 3 scrolls of blinking
 C - 2 scrolls of amnesia
 H - 2 scrolls of poison
 N - a scroll of identify
Potions
 b - 3 potions of attraction
 d - 5 potions of might
 g - 2 potions of brilliance
 i - 7 potions of curing
 m - a potion of berserk rage
 q - 2 potions of flight
 t - a potion of magic
 v - 2 potions of degeneration {unknown}
 z - a potion of invisibility {unknown}
 A - 2 potions of heal wounds {unknown}
 F - 2 potions of resistance {unknown}
 J - a potion of haste
 K - a potion of ambrosia {unknown}
 L - 2 potions of cancellation {unknown}


   Skills:
 + Level 10.1 Fighting
 + Level 10.1 Axes
 + Level 9.8 Armour
 + Level 8.9 Dodging
 + Level 5.2 Evocations


You had 9 spell levels left.
You didn't know any spells.
Your spell library was empty.

Dungeon Overview and Level Annotations

Branches:
Dungeon (9/15)             Temple (0/1) D:4            Lair (0/5) D:9
  Sewer (visited)
    Orc: D:9-12

Altars:
Cheibriados
Gozag
Kikubaaqudgha
Makhleb
Ru
Trog
Uskayaw
Wu Jian

Shops:
D:1 (   D:3 :

Annotations:
D:3 1 transporter, WhatIsLove's ghost, amateur TeCj
D:8 2 transporters, Flippered's ghost, journeyman MfFi


Innate Abilities, Weirdness & Mutations

You have a pair of horns on your head.
You reflexively headbutt those who attack you in melee.


Message History

You slash the yak!
You kill the yak!
Trog accepts your kill.
You barely miss the acid dragon. You headbutt the acid dragon.
The acid dragon is lightly wounded.
The acid dragon misses you. The acid dragon completely misses you.
You barely miss the acid dragon. You headbutt the acid dragon!
The acid dragon is heavily wounded.
The acid dragon bites you but does no damage.
The acid dragon barely misses you. The acid dragon spits acid at you.
The splash of acid hits you!!
* * * LOW HITPOINT WARNING * * *
The acid corrodes you!
You slash the acid dragon!
The acid dragon is almost dead.
Your skin stops crawling.
You feel less strong-willed. The acid dragon misses you.
The acid dragon claws you but does no damage.
You barely miss the acid dragon.
The acid dragon is almost dead.
The acid dragon bites you!
* * * LOW HITPOINT WARNING * * *
The acid dragon claws you but does no damage.
You closely miss the acid dragon. Your headbutt misses the acid dragon.
The acid dragon is almost dead.
The acid dragon closely misses you.
The acid dragon claws you but does no damage.
The acid dragon bites you but does no damage.
The acid dragon claws you.
* * * LOW HITPOINT WARNING * * *
Okay, then.
You hit the acid dragon.
You kill the acid dragon!
Trog accepts your kill. The steam dragon breathes steam at you.
The ball of steam hits you.
* * * LOW HITPOINT WARNING * * *
You are engulfed in a cloud of scalding steam.
You die...

#.....#######.........
#.....+.......#.######
#.....#########.##
#.....# #..## ####'##
##..## #.§# ##..# ##§#
##.# #§# ######'###
#@# #........#
#......D..# #........+
#.........+ #........#
#.........# #........#
#....>....# +........#
#.........# #........#
#.........# #####'####
#.).......# #.# ###.#


You could see a steam dragon (catching breath).

Vanquished Creatures
  A two-headed ogre (D:8)
  Erica (D:9)
  The ghost of wilfster70 the Stinger, a novice NaVM (D:5)
  An unseen horror zombie (D:8)
  A komodo dragon (D:9)
  A troll (D:9)
  Grinder (D:6)
  4 yaks (D:9)
  2 wyverns (D:9)
  Eustachio (D:4)
  A steam dragon (D:9)
  A basilisk (D:9)
  A water moccasin (D:7)
  2 acid dragons (D:9)
  Duvessa (D:5)
  An ice beast (D:6)
  2 orc warriors
  A sky beast (D:7)
  2 ogres
  A centaur (D:5)
  2 bullfrogs
  11 kobold brigands
  3 necrophages
  3 wights
  2 scorpions
  Dowan (D:5)
  A howler monkey (D:5)
  2 hounds (D:5)
  A human zombie (D:8)
  A jelly (D:7)
  2 gnoll boudas
  An orc priest (D:4)
  4 iguanas
  4 orc wizards
  Crazy Yiuf (D:3)
  Ijyb (D:4)
  4 mummies (D:8)
  2 howler monkey zombies (D:8)
  Robin (D:2)
  13 gnolls
  12 adders
  A river rat (Sewer)
  A shadow imp (D:7)
  A white imp (D:7)
  7 worms
  2 dart slugs
  28 orcs
  10 ball pythons
  7 bats
  14 endoplasms
  4 giant cockroaches
  18 goblins
  13 hobgoblins
  7 jackals (D:1)
  12 kobolds
  7 quokkas
  2 frilled lizards
  9 rats
242 creatures vanquished.

Vanquished Creatures (others)
  A wizard (D:6)
1 creature vanquished.

Grand Total: 243 creatures vanquished

Notes
Turn   | Place    | Note
-------+----------+-------------------------------------------
     0 | D:1      | Belterius the Minotaur Berserker began the quest for the
                  | Orb.
     0 | D:1      | Reached XP level 1. HP: 19/19 MP: 0/0
   121 | D:1      | Reached XP level 2. HP: 23/27 MP: 1/1
   198 | D:1      | Found Uckahink's Weapon Boutique.
   558 | D:1      | Reached ** piety under Trog
   559 | D:1      | Reached XP level 3. HP: 33/33 MP: 2/2
   851 | D:2      | Noticed Robin
   879 | D:2      | Killed Robin
  1068 | D:2      | Reached XP level 4. HP: 40/40 MP: 3/3
  1397 | D:2      | Reached *** piety under Trog
  1502 | D:2      | Reached XP level 5. HP: 47/47 MP: 4/4
  1729 | D:3      | Found an opulent altar of Gozag.
  1867 | D:3      | Found a transporter.
  1922 | D:3      | Found Enan's Book Boutique.
  2078 | D:3      | Found a faded altar of an unknown god.
  2104 | D:3      | Noticed WhatIsLove's ghost (amateur TeCj)
  2306 | D:3      | Found a runed translucent door.
  2307 | D:3      | Noticed Crazy Yiuf
  2372 | D:3      | Killed Crazy Yiuf
  2539 | D:4      | Found a sacrificial altar of Ru.
  2582 | D:4      | Found a glowing drain.
  2586 | D:4      | Reached skill level 5 in Fighting
  2590 | D:4      | Reached skill level 5 in Axes
  2600 | Sewer    | Entered a sewer
  2639 | Sewer    | Reached XP level 6. HP: 50/56 MP: 5/5
  2811 | Sewer    | Reached skill level 5 in Armour
  2918 | Sewer    | Reached XP level 7. HP: 62/62 MP: 6/6
  3128 | Sewer    | Reached skill level 5 in Dodging
  3240 | Sewer    | Reached **** piety under Trog
  3549 | D:4      | Reached XP level 8. HP: 71/71 MP: 7/7
  3716 | D:4      | Noticed Eustachio
  3717 | D:4      | Noticed Ijyb
  3732 | D:4      | Killed Ijyb
  3757 | D:4      | Killed Eustachio
  3847 | D:4      | Found a staircase to the Ecumenical Temple.
  3937 | D:5      | Entered Level 5 of the Dungeon
  4075 | D:5      | Noticed Dowan
  4077 | D:5      | Noticed Duvessa
  4083 | D:5      | Killed Dowan
  4104 | D:5      | Killed Duvessa
  4105 | D:5      | Reached skill level 1 in Evocations
  4808 | D:5      | Found a runed translucent door.
  4813 | D:5      | Noticed wilfster70's ghost (novice NaVM)
  4823 | D:5      | Killed wilfster70's ghost
  4824 | D:5      | Reached XP level 9. HP: 81/81 MP: 8/8
  4944 | D:6      | Identified the +3 shortbow of Greatest Utility {flame, rN+}
  5038 | D:6      | Found a hide-covered altar of Uskayaw.
  5038 | D:6      | Noticed a +0 spear
  5039 | D:6      | Noticed a +0 dagger
  5040 | D:6      | Noticed a +0 short sword
  5040 | D:6      | Noticed a +0 falchion
  5040 | D:6      | Noticed a +0 short sword
  5040 | D:6      | Noticed a +0 dagger
  5040 | D:6      | Noticed a +0 falchion
  5041 | D:6      | Noticed a +0 spear
  5168 | D:6      | Noticed Grinder
  5187 | D:6      | Killed Grinder
  5273 | D:6      | Found a bloodstained altar of Trog.
  5274 | D:6      | Noticed a wizard
  5279 | D:6      | Killed a wizard
  5636 | D:7      | Reached ***** piety under Trog
  5898 | D:7      | Found a snail-covered altar of Cheibriados.
  6579 | D:8      | Noticed a two-headed ogre
  6719 | D:7      | Identified a scroll of acquirement
  6719 | D:7      | Acquired a +0 vorpal executioner's axe
  6892 | D:8      | Killed a two-headed ogre
  6893 | D:8      | Reached XP level 10. HP: 91/91 MP: 9/9
  7243 | D:8      | Found an ornate altar of the Wu Jian Council.
  7398 | D:8      | Noticed a moth of wrath
  7398 | D:8      | Noticed a two-headed ogre
  7399 | D:8      | Found a transporter.
  7411 | D:8      | Found a transporter.
  7468 | D:8      | Found a burning altar of Makhleb.
  7468 | D:8      | Noticed a cacodemon
  7556 | D:8      | Found an ancient bone altar of Kikubaaqudgha.
  7632 | D:8      | Noticed Flippered's ghost (journeyman MfFi)
  7646 | D:8      | Found a bloodstained altar of Trog.
  7970 | D:9      | Noticed Erica
  7982 | D:9      | Killed Erica
  8672 | D:9      | Found a staircase to the Lair.
  8751 | D:9      | Reached skill level 5 in Evocations
  8894 | D:9      | Reached skill level 10 in Fighting
  8894 | D:9      | Reached skill level 10 in Axes
  8902 | D:9      | HP: 2/93 [steam dragon/ball of steam (5)]
  8903 | D:9      | Engulfed by a steam dragon's steam

Illustrated notes

Levels and vault maps discovered:
D:1:      dpeg_arrival_court, layout_basic, serial_shops, shop,
          minmay_hedge_maze, minmay_door_square
D:2:      minmay_razor_zed, layout_rooms, kennysheep_donut, st_stairs_13,
          nicolae_elevator_lobby_asterisk, uniq_robin
D:3:      layout_basic, mainiacjoe_overflow_six_doors_small, serial_shops, shop,
          gammafunk_ghost_mausoleum, dreamdust_ecumenical_altar_statues,
          uniq_crazy_yiuf_cottage
D:4:      cheibrodos_barr_body, layout_basic, lemuel_tele_altar,
          minmay_temple_entry_tees, portal_sewer_entry_f, uniq_eustachio,
          uniq_ijyb
D:5:      layout_basic, serial_glass, glass_columns_c, glass_columns_b,
          glass_columns_a, glass_columns_b, glass_columns_b, glass_columns_a,
          glass_columns_b, glass_columns_a, glass_columns_a, glass_columns_c,
          glass_columns_a, glass_columns_a, glass_columns_a, glass_columns_a,
          ebering_ghost_reflecting_pool, minmay_misc_feat_plants, uniq_duvessa
D:6:      layout_rooms, trog_wizard, nicolae_uskayaw_en_pointe, uniq_grinder
D:7:      layout_loops_ring, kennysheep_slug_shrine,
          nicolae_concentric_dashed_squares_mild
D:8:      layout_loops_corners, makhleb_altar_promises_db,
          nzn_wu_jian_contemplation, lemuel_mausoleum_altar_kikubaaqudgha,
          gammafunk_ghost_wrathful_warriors
D:9:      layout_roguey, erik_lair_dragon, uniq_erica

Skill      XL: |  1  2  3  4  5  6  7  8  9 10 |
---------------+-------------------------------+-----
Fighting       | 4 5 6 7 9 10 | 10.1
Axes           | 4 5 6 7 9 10 | 10.1
Armour         | 3 4 5 6 7 8 9 |  9.8
Dodging        | 3 4 5 6 7 8 |  8.9
Evocations     | 2 3 5 |  5.2

Action                   |  1- 3 |  4- 6 |  7- 9 | 10-12 || total
-------------------------+-------+-------+-------+-------++-------
Melee: Hand axe          |    40 |       |    15 |       ||    55
       Headbutt          |    10 |    14 |    49 |    14 ||    87
       Trident           |    45 |   155 |   384 |       ||   584
       Punch             |       |       |     2 |       ||     2
       Executioner's axe |       |       |     6 |   107 ||   113
Invok: Berserk           |       |     2 |     2 |     1 ||     5
       Trog's Hand       |       |     1 |     2 |     2 ||     5
  Use: Scroll            |       |       |    18 |       ||    18
Armor: Animal skin       |     3 |       |       |       ||     3
       Ring mail         |    25 |    55 |   145 |    61 ||   286
Dodge: Dodged            |    43 |    73 |   198 |    79 ||   393
Block: Buckler           |       |       |     3 |       ||     3

Table legend: (Time is in decaauts)
 A = Elapsed time spent in this place.
 B = Non-inter-level travel time spent in this place.
 C = Inter-level travel time spent in this place.
 D = Time resting spent in this place.
 E = Time spent auto-exploring this place.
 F = Levels seen in this place.
 G = Mean time per level.
                   A        B        C        D        E       F      G
               +--------+--------+--------+--------+--------+-----+--------+
         Total |   9243 |   8818 |    425 |    790 |   6334 |  10 |  924.3 |
       Dungeon |   8290 |   7865 |    425 |    790 |   5646 |   9 |  921.1 |
         Sewer |    952 |    952 |      0 |      0 |    688 |   1 |  952.0 |
               +--------+--------+--------+--------+--------+-----+--------+

Top non-repeatable levels by time:
     D:7: 1473 daAuts
     D:8: 1079 daAuts
     D:9: 1033 daAuts
   Sewer: 952 daAuts
     D:5: 944 daAuts
     D:2: 921 daAuts
     D:1: 813 daAuts
     D:3: 794 daAuts
     D:4: 682 daAuts
     D:6: 548 daAuts
